AoeStats
← mixRemix

MegaRandom

503882783Analyzed
2v2 RM · 28d ago on Sep 2, 2026· 52m 36s· 4 players
Game mode
Random Map
Map size
Medium (4 player)
Population
200
Speed
Normal
Resources
Standard
Victory
Conquest
Starting age
Dark Age
Ending age
Imperial Age
RankedLock teamsTeams togetherTeam positionsShared explorationLock speedFull tech treeHidden civsTurbo modeCheats
Victory
Defeat
🇦🇷 Malians · Argentina
923
+17
🇦🇷 Burgundians · Argentina
921
+17
🇸🇰 Persians · Slovakia
945
-17
🇸🇰 Hindustanis · Slovakia
926
-16
I AM ATOMIK
5:20 Loom
8:14 Double-Bit Axe
10:31 Feudal Age
10:59 Town Watch
11:27 Bow Saw
12:21 Wheelbarrow
16:46 Hand Cart
21:49 Castle Age
20:16 Horse Collar
20:49 Gold Mining
20:53 Stone Mining
22:41 Hand Cart
23:57 Two-Man Saw
26:51 Heavy Plow
27:55 Fervor
30:19 Stone Shaft Mining
33:42 Town Patrol
36:55 Imperial Age
34:39 Burgundian Vineyards
35:49 Crop Rotation
38:19 Gold Shaft Mining
41:22 Chemistry
40:42 Ballistics
40:03 Treadmill Crane
40:19 Murder Holes
40:35 Fortified Wall
40:36 Masonry
42:20 Conscription
46:00 Cavalier
46:40 Husbandry
46:24 Elite Coustillier
48:14 Caravan
48:41 Scale Barding Armor
48:46 Forging
48:35 Fletching
48:46 Padded Archer Armor
48:41 Paladin
49:55 Chain Barding Armor
Sir Jinco
10:37 Feudal Age
11:27 Double-Bit Axe
13:01 Wheelbarrow
12:50 Loom
14:34 Bloodlines
21:26 Castle Age
23:35 Scale Mail Armor
23:46 Forging
23:53 Gold Mining
23:54 Stone Mining
25:43 Squires
25:28 Arson
31:17 Chain Mail Armor
31:38 Iron Casting
31:32 Bow Saw
36:19 Imperial Age
36:24 Elite Gbeto
37:26 Conscription
37:39 Plate Mail Armor
41:04 Gold Shaft Mining
40:51 Hand Cart
42:16 Chemistry
45:05 Ballistics
46:33 Treadmill Crane
49:08 Murder Holes
52:10 Padded Archer Armor
52:01 Fletching
52:15 Caravan
Selis
12:52 Feudal Age
12:56 Loom
18:56 Forging
22:56 Wheelbarrow
25:48 Double-Bit Axe
25:47 Horse Collar
28:14 Castle Age
26:02 Man-at-Arms
26:53 Scale Mail Armor
28:04 Long Swordsman
30:06 Iron Casting
31:30 Gambesons
32:15 Chain Mail Armor
49:35 Imperial Age
47:38 Scale Barding Armor
48:31 Husbandry
48:42 Bloodlines
52:30 Chain Barding Armor
mixRemix
13:03 Feudal Age
11:21 Loom
13:35 Horse Collar
14:29 Double-Bit Axe
21:33 Castle Age
20:10 Wheelbarrow
23:35 Heavy Plow
24:44 Bow Saw
30:09 Gold Mining
30:10 Stone Mining
30:32 Gold Mining
30:33 Stone Mining
33:26 Scale Barding Armor
33:12 Fletching
32:46 Light Cavalry
33:27 Husbandry
33:55 Elite Skirmisher
38:03 Imperial Age
35:22 Town Watch
36:40 Padded Archer Armor
36:55 Bloodlines
37:47 Hand Cart
38:51 Ballistics
38:43 Scale Mail Armor
38:54 Forging
40:49 Chemistry
39:46 Heavy Camel Rider
43:25 Thumb Ring
45:39 Two-Man Saw
46:15 Chain Barding Armor
46:10 Leather Archer Armor
47:55 Imperial Camel Rider
50:52 Grand Trunk Road
51:13 Conscription
Connection lost

Rejoining the realm…

Still unreachable

The connection could not be restored.

Session expired

The server has moved on; the page needs a fresh start.